 Dungeon Crawl Stone Soup version 0.31-a0-836-g3ceb0a68c4 (webtiles) character file.

Game seed: 418227799039366898

3644 lunkers the Martial Artist (level 10, -3/69 HPs)
             Began as a Meteoran Shapeshifter on Sept 26, 2023.
             Was an Elder of Okawaru.
             Slain by an orc
             ... wielding a +0 trident
              (4 damage)
             ... in a bailey.
             The game lasted 00:07:37 (3722 turns).

lunkers the Martial Artist (Meteoran Shapeshifter)  Turns: 3722, Time: 00:07:38

Health: -3/69      AC:  5    Str: 17    XL:     10   Next: 59%
Magic:  9/11       EV: 13    Int: 11    God:    Okawaru [****..]
Gold:   429        SH:  0    Dex: 18    Spells: 9/9 levels left

rFire   . .          .
                       - Unarmed
rCold   . . .        (shield currently unavailable)
rNeg    . . .        g - +0 scale mail
rPois   +            p - +1 helmet
rElec   .            s - +1 cloak
rCorr   +            a - melded +2 pair of gloves
SInv    .            (no boots)
Will    +....        (no amulet)
Stlth   +            k - ring of poison resistance
HPRegen 0.31/turn    w - ring of resist corrosion
MPRegen 0.12/turn

%: no passive effects
@: blade hands, heroic, glowing
A: reduced hp, sense surroundings 2, otherworldly, glowing, explore regen
a: Begin Untransformation, Renounce Religion, Heroism, Finesse


You were in a bailey.
You worshipped Okawaru.
Okawaru was greatly pleased with you.
You had blades for hands.
You visited 1 branch of the dungeon, and saw 7 of its levels.
You also visited: Bailey.

You collected 429 gold pieces.

Inventory:

Hand Weapons
 i - a +3 heavy quarterstaff
Armour
 a - a +2 pair of gloves (melded)
 g - a +0 scale mail (worn)
 h - a scarf of invisibility
 p - a +1 helmet (worn)
 s - a +1 cloak (worn)
 B - an orb of mayhem
Jewellery
 k - a ring of poison resistance (left blade hand)
 w - a ring of resist corrosion (right blade hand)
Talismans
 c - a beast talisman
 d - a flux talisman
 C - a blade talisman (active)
Wands
 u - a wand of polymorph (7)
Scrolls
 e - 3 scrolls of fog
 m - 3 scrolls of immolation
 y - a scroll of silence
Potions
 b - 2 potions of lignification
 f - a potion of might {unknown}
 j - a potion of curing {unknown}
 l - 2 potions of brilliance
 n - a potion of berserk rage {unknown}
 r - 2 potions of enlightenment
 t - 2 potions of magic {unknown}
 z - a potion of attraction {unknown}


   Skills:
 + Level 1.1(6.1) Fighting
 + Level 2.1(7.1) Dodging
 * Level 14.0(19.0) Unarmed Combat
 + Level 0.0 Invocations
 + Level 9.8 Shapeshifting


You had 9 spell levels left.
You didn't know any spells.
Your spell library contained the following spells:

 Spells                   Type           Power      Damage    Failure   Level
 Slow                     Hex            0%         N/A       73%         1
 Scorch                   Fire           0%         2d5       86%         2
 Confusing Touch          Hex            0%         N/A       97%         3
 Sigil of Binding         Hex            0%         N/A       97%         3
 Vampiric Draining        Necr           0%         2d6       97%         3
 Dimensional Bullseye     Hex/Tloc       0%         N/A       100%        4
 Flame Wave               Conj/Fire      0%         2d4       100%        4
 Leda's Liquefaction      Hex/Erth       0%         N/A       100%        4
 Eringya's Noxious Bog    Tmut/Pois      0%         4d6       100%        6
 Call Canine Familiar     Summ           Unusable   N/A       N/A         3
 Summon Forest            Summ/Tloc      Unusable   N/A       N/A         5
 Summon Mana Viper        Hex/Summ       Unusable   N/A       N/A         5
 Summon Cactus Giant      Summ           Unusable   N/A       N/A         6
 Summon Hydra             Summ           Unusable   N/A       N/A         7

Dungeon Overview and Level Annotations

Branches:
Dungeon (7/15) Zot: 627    Temple (0/1) D:7          Bailey (1/1) Zot: 554

Altars:
Dithmenos
Gozag
Kikubaaqudgha
Makhleb
Nemelex Xobeh
Okawaru
Qazlal
Wu Jian
Yredelemnul

Annotations:
D:5 3 runed translucent doors, PowderKeg's ghost, amateur GnWr


Innate Abilities, Weirdness & Mutations

You have blades for hands.
Your maximum health is decreased, since you lack skill for your form.
You are incapable of wielding weapons or throwing items.
You passively map the area around you.
You are easily found by Zot.
You glow in the dark.
You regain HP and MP as you explore.


Message History

The orc barely misses you.
An orc comes into view. It is wielding a +0 halberd.
You hear a shout!
There are monsters nearby!
You slash the orc!
You kill the orc!
Okawaru accepts your kill. 2 orcs come into view.
The orc shouts! x2; You hear a shout!
The orc warrior hits you from afar with a +0 halberd!!
The orc moves out of view.
An orc warrior comes into view. It is wielding a +0 halberd.
The orc warrior hits you with a +0 halberd!
The orc barely misses you.
You closely miss the orc warrior.
The orc warrior hits you with a +0 halberd!
* * * LOW HITPOINT WARNING * * *
The orc barely misses you. The orc closely misses you.
You gain the combat prowess of a mighty hero.
The orc warrior hits you with a +0 halberd.
* * * LOW HITPOINT WARNING * * *
The orc hits you from afar with a +0 halberd!
* * * LOW HITPOINT WARNING * * *
The orc hits you with a +0 trident.
* * * LOW HITPOINT WARNING * * *
You slash the orc warrior!
The orc warrior is moderately wounded.
The orc warrior misses you. The orc completely misses you.
The orc hits you with a +0 trident!
* * * LOW HITPOINT WARNING * * *
Unknown command.
You hit the orc warrior.
The orc warrior is heavily wounded.
Unknown command.
You hit the orc warrior but do no damage.
The orc warrior is heavily wounded.
The orc warrior hits you with a +0 halberd!
* * * LOW HITPOINT WARNING * * *
The orc barely misses you. The orc hits you with a +0 trident.
You die...

≈≈≈≈#....#≈≈≈≈≈♣♣# ~
~≈...#....#...♣♣♣♣ ~
~,...........♣....♣#
~~
,.................#
, *
##........####..# *
* .####''####.$#.##
*..........)...###
#...8....8...##
#..########@o# #.,
*, #.o# # , ,#oo# *
#o.# * , , ,#..#
.#..# , * , ##..# ,
+ #..# * ,,


You could see 2 orc warriors and 3 orcs.

Vanquished Creatures
  3 kobold demonologists (D:7)
  Eustachio (D:5)
  3 water moccasins
  7 ogres
  2 ice beasts
  A phantom (D:6)
  An elf zombie (D:5)
  A gnoll sergeant (D:6)
  A bullfrog (D:4)
  3 elf skeletons (D:5)
  4 scorpions
  2 jellies
  A howler monkey (D:6)
  5 hounds
  3 human zombies (D:5)
  Crazy Yiuf (D:2)
  Ijyb (D:4)
  An iguana (D:7)
  4 sleepcaps
  3 orc wizards
  3 human skeletons (D:5)
  Robin (D:3)
  5 gnolls
  3 adders
  2 shadow imps
  3 white imps
  4 ufetubi (D:5)
  A worm (D:2)
  2 dart slugs
  19 orcs
  5 endoplasms
  2 giant cockroaches
  24 goblins
  8 hobgoblins
  5 jackals
  4 kobolds
  3 quokkas
  5 ball pythons
  3 bats
  A frilled lizard (D:3)
  An orc skeleton (D:5)
  5 rats
157 creatures vanquished.

Notes
Turn   | Place    | Note
-------+----------+-------------------------------------------
     0 | D:1      | lunkers the Meteoran Shapeshifter began the quest for the
                  | Orb.
     0 | D:1      | Reached XP level 1. HP: 16/16 MP: 2/2
   141 | D:1      | Reached XP level 2. HP: 23/23 MP: 3/3
   289 | D:1      | You fall into a shaft and drop 1 floor!
   332 | D:2      | Reached skill level 4 in Unarmed Combat
   381 | D:2      | Found a runed translucent door.
   382 | D:2      | Noticed Crazy Yiuf
   390 | D:2      | Killed Crazy Yiuf
   391 | D:2      | Reached XP level 3. HP: 16/28 MP: 4/4
   396 | D:2      | Identified the +3 hammer of Lyorid {flame, rF+}
   466 | D:2      | Reached XP level 4. HP: 28/35 MP: 5/5
   521 | D:2      | Reached skill level 5 in Unarmed Combat
   963 | D:3      | Reached XP level 5. HP: 28/40 MP: 6/6
  1047 | D:3      | Noticed Robin
  1086 | D:3      | Killed Robin
  1166 | D:3      | Found an ancient bone altar of Kikubaaqudgha.
  1505 | D:4      | Noticed an ogre
  1510 | D:4      | Killed an ogre
  1511 | D:4      | Reached skill level 6 in Unarmed Combat
  1511 | D:4      | Reached skill level 5 in Shapeshifting
  1511 | D:4      | Reached XP level 6. HP: 37/47 MP: 7/7
  1551 | D:4      | Found a basalt altar of Yredelemnul.
  1668 | D:4      | Reached skill level 7 in Unarmed Combat
  1672 | D:4      | Noticed Ijyb
  1691 | D:4      | Killed Ijyb
  1842 | D:4      | Reached XP level 7. HP: 43/52 MP: 8/8
  1928 | D:4      | Found a sparkling altar of Nemelex Xobeh.
  1928 | D:4      | Found an ornate altar of the Wu Jian Council.
  1933 | D:4      | Found a stormy altar of Qazlal.
  1933 | D:4      | Found an opulent altar of Gozag.
  1934 | D:4      | Found a burning altar of Makhleb.
  1934 | D:4      | Found a shadowy altar of Dithmenos.
  1935 | D:4      | Found an iron altar of Okawaru.
  1943 | D:4      | Became a worshipper of Warmaster Okawaru
  2078 | D:5      | Entered Level 5 of the Dungeon
  2143 | D:5      | Reached skill level 8 in Unarmed Combat
  2176 | D:5      | Reached XP level 8. HP: 53/59 MP: 9/9
  2192 | D:5      | Reached * piety under Okawaru
  2219 | D:5      | Reached skill level 9 in Unarmed Combat
  2416 | D:5      | Found a runed translucent gate.
  2416 | D:5      | Found a runed translucent gate.
  2416 | D:5      | Found a runed translucent gate.
  2423 | D:5      | Noticed PowderKeg's ghost (amateur GnWr)
  2680 | D:5      | Reached skill level 10 in Unarmed Combat
  2734 | D:5      | Noticed Eustachio
  2742 | D:5      | Killed Eustachio
  2742 | D:5      | Reached ** piety under Okawaru
  2743 | D:5      | Gained mutation: You passively map the area around you.
                  | [Meteoran growth]
  2743 | D:5      | Reached XP level 9. HP: 63/64 MP: 10/10
  2771 | D:5      | Found a sand-covered staircase.
  2806 | D:5      | Reached skill level 11 in Unarmed Combat
  3009 | D:6      | Reached skill level 12 in Unarmed Combat
  3030 | D:6      | Reached *** piety under Okawaru
  3450 | D:6      | Reached XP level 10. HP: 43/71 MP: 11/11
  3472 | D:6      | HP: 3/71 [ogre/+0 giant club (19)]
  3531 | D:7      | Noticed a kobold demonologist
  3531 | D:7      | Noticed a kobold demonologist
  3531 | D:7      | Noticed a kobold demonologist
  3537 | D:7      | Killed a kobold demonologist
  3538 | D:7      | Reached skill level 13 in Unarmed Combat
  3542 | D:7      | Killed a kobold demonologist
  3548 | D:7      | Killed a kobold demonologist
  3548 | D:7      | Reached **** piety under Okawaru
  3605 | D:7      | Reached skill level 14 in Unarmed Combat
  3629 | D:7      | Found a staircase to the Ecumenical Temple.
  3665 | D:7      | Found a flagged portal.
  3676 | Bailey   | Entered a bailey
  3722 | Bailey   | HP: 1/69 [orc warrior/+0 halberd (9)]
  3722 | Bailey   | Slain by an orc

Illustrated notes

Levels and vault maps discovered:
D:1:      dpeg_arrival_yet_another_circle, layout_basic
D:2:      layout_rooms, fountainhead, minmay_close_crescents,
          uniq_crazy_yiuf_cottage
D:3:      layout_basic, nicolae_kikubaaqudgha_miasma_corner, hex_tiny,
          minmay_gold_behind_fungi, uniq_robin
D:4:      kennysheep_goblin_castle, layout_basic, mainiacjoe_overflow_alcove_2,
          grunt_temple_overflow_open
D:5:      minmay_octagon_keep, layout_loops_corners,
          gammafunk_ghost_nasty_kobolds, nicolae_ossuary_entry_catacombs,
          uniq_eustachio
D:6:      layout_loops_ring
D:7:      layout_gridville, nicolae_sif_muna_condensation,
          minmay_temple_entry_trees, serial_shops, shop, enter_bailey_3,
          st_stairs_4
Bailey:   bailey_polearm_elven_captive_hellmonk, bailey

Skill      XL: |  1  2  3  4  5  6  7  8  9 10 |
---------------+-------------------------------+-----
Unarmed Combat | 4 5 6 7 8 10 12 14 | 14.0
Shapeshifting  | 4 5 6 7 8 9 |  9.8
Fighting       | |  1.1
Dodging        | |  2.1

Action                     |  1- 3 |  4- 6 |  7- 9 | 10-12 || total
---------------------------+-------+-------+-------+-------++-------
  Melee: Unarmed           |    33 |   173 |   266 |    86 ||   558
         Punch             |     1 |       |       |     3 ||     4
 Invoke: Heroism           |       |       |       |     1 ||     1
    Use: Scroll            |       |     3 |     6 |     4 ||    13
 Armour: Animal skin       |     2 |       |       |       ||     2
         Scale mail        |    21 |    92 |   166 |    58 ||   337
         Skin              |       |     1 |       |       ||     1
  Dodge: Dodged            |    13 |    75 |   107 |    42 ||   237
   Form: Flux              |       |     1 |       |       ||     1
         Blade             |       |       |       |     1 ||     1

Table legend: (Time is in decaauts)
 A = Elapsed time spent in this place.
 B = Non-inter-level travel time spent in this place.
 C = Inter-level travel time spent in this place.
 D = Time resting spent in this place.
 E = Time spent auto-exploring this place.
 F = Levels seen in this place.
 G = Mean time per level.
                   A        B        C        D        E       F      G
               +--------+--------+--------+--------+--------+-----+--------+
         Total |   3617 |   3516 |    101 |      0 |   2394 |   8 |  452.1 |
       Dungeon |   3572 |   3471 |    101 |      0 |   2359 |   7 |  510.3 |
        Bailey |     44 |     44 |      0 |      0 |     35 |   1 |   44.0 |
               +--------+--------+--------+--------+--------+-----+--------+

Top non-repeatable levels by time:
     D:3: 828 daAuts
     D:5: 828 daAuts
     D:4: 596 daAuts
     D:6: 532 daAuts
     D:2: 321 daAuts
     D:1: 294 daAuts
     D:7: 171 daAuts
  Bailey: 44 daAuts
